 Dungeon Crawl Stone Soup version 0.18.0-1-g0107ab7 (webtiles) character file.

2202 wvc the Cudgeler (level 9, 0/68 HPs)
             Began as a Mummy Wanderer on May 5, 2016.
             Was a Follower of Okawaru.
             Incinerated by graki42's ghost (8 damage)
             ... with a sticky flame
             ... in an ossuary.
             The game lasted 00:13:21 (7820 turns).

wvc the Cudgeler (Mummy Wanderer)                   Turns: 7820, Time: 00:13:21

Health: 0/68       AC:  7    Str: 13    XL:     9   Next: 12%
Magic:  9/9        EV: 12    Int: 14    God:    Okawaru [*.....]
Gold:   364        SH: 11    Dex: 14    Spells: 1 memorised, 7 levels left

rFire  x . .     SeeInvis .     a - +2 mace
rCold  + . .     Gourm    .     b - +1 ring mail
rNeg   + + +     Faith    .     p - +2 buckler
rPois  ∞         Spirit   .     j - +0 helmet
rElec  .         Dismiss  .     (no cloak)
rCorr  .         Reflect  +     (no gloves)
SustAt +         Harm     .     (no boots)
MR     +....                    f - +5 amulet of reflection
Stlth  +.........               (no ring)
                                d - ring of sustain attributes

@: liquid flames, glowing, somewhat resistant to hostile enchantments, very
unstealthy
A: no food or potions, fire vulnerability, cold resistance 1, negative energy
resistance 3, torment resistance, unbreathing
a: Heroism, Renounce Religion


You were in an ossuary.
You worshipped Okawaru.
Okawaru was aware of your devotion.
You were not hungry.

You visited 2 branches of the dungeon, and saw 9 of its levels.
You also visited: Ossuary.

You collected 364 gold pieces.

Inventory:

Hand Weapons
 a - a +2 mace (weapon)
 m - a +0 blowgun
 n - a +0 mace of draining
 r - a +1 hand axe of flaming
Missiles
 l - 47 poisoned needles
Armour
 b - a +1 ring mail (worn)
 j - a +0 helmet (worn)
 p - a +2 buckler (worn)
 v - a +2 leather armour of magic resistance
Jewellery
 d - a ring of sustain attributes (left hand)
 e - an uncursed ring of stealth
 f - a +5 amulet of reflection (around neck)
 u - a +6 ring of intelligence
Wands
 g - a wand of hasting (4/9)
 o - a wand of flame (29/48)
 q - a wand of paralysis (9/24)
 s - a wand of random effects (20/48)
Scrolls
 c - a scroll of teleportation
 h - 5 scrolls of identify
 k - 2 scrolls of blinking
 w - a scroll of remove curse
Books
 i - a book of Party Tricks

   Spells                             Type                      Level
   a - Summon Butterflies             Summoning                    1
   b - Apportation                    Translocation                1
   c - Tukima's Dance                 Hexes                        3
   d - Alistair's Intoxication        Transmutation/Poison         5
   e - Invisibility                   Hexes                        6
 t - a book of Cantrips

   Spells                             Type                      Level
   a - Corona                         Hexes                        1
   b - Animate Skeleton               Necromancy                   1
   c - Summon Small Mammal            Summoning                    1
   d - Apportation                    Translocation                1


   Skills:
 + Level 5.1 Fighting
 * Level 7.7 Maces & Flails
   Level 1.0 Crossbows
 - Level 3.2 Armour
 - Level 5.0 Dodging
 - Level 1.5 Shields


You had 7 spell levels left.
You knew the following spells:

 Your Spells              Type           Power        Failure   Level  Hunger
a - Apportation           Tloc           #.........   80%         1    N/A

Dungeon Overview and Level Annotations

Branches:
Dungeon (8/15)             Temple (1/1) D:7
   Lair: D:8-11

Altars:
Ashenzari
Cheibriados
Elyvilon
Fedhas
Gozag
Okawaru
Pakellas
Qazlal
Ru
Sif Muna
Trog
Xom
Yredelemnul
Zin
The Shining One

Annotations:
D:2 exclusion: oklob plant Ossuary graki42's ghost, novice DEFE


Innate Abilities, Weirdness & Mutations

You do not eat or drink.
Your flesh is vulnerable to fire.
You are immune to poison.
Your flesh is cold resistant.
You are immune to negative energy.
You are immune to unholy pain and torment.
You can survive without breathing.


Message History

You feel strangely unstable.
You block the big kobold zombie's attack.
Graki42's ghost completely misses you.
You completely miss graki42's ghost.
Graki42's ghost sprays you with burning goo.
The sticky flame hits you! The fire burns you terribly!
You are covered in liquid flames!
You hit graki42's ghost.
Graki42's ghost is lightly damaged.
You are covered in liquid flames!
* * * LOW HITPOINT WARNING * * *
Your surroundings suddenly seem different.
Found eight items.
Unknown command.
You found an arrow trap!
You are covered in liquid flames!
* * * LOW HITPOINT WARNING * * *
You found an arrow trap!
You are covered in liquid flames!
You die...

.. ####'#### +.......+
#.......# #.......#
##.......# Z#.......#
Z#...8...#. ##Z#..@....#.#
##.##...^...##^##
##W###..!.?..# #.## ##.##
#..!!!..# ##.## ##.##
+..!??^.+ ##.##
###'###################'###
#.....##.#.#.#.#.#.##.....#
#......#'#'#'#'#'#'#......#
#.........................#


There were no monsters in sight!

Vanquished Creatures
  Joseph (D:7)
  A hippogriff (D:7)
  Edmund (D:4)
  Duvessa (D:5)
  An ice beast (D:6)
  A slave (D:7)
  An ogre (D:6)
  The ghost of Cofein the Sneak, an amateur NaEn (D:3)
  A centaur (D:5)
  A necrophage (D:5)
  2 giant frogs (D:6)
  Dowan (D:5)
  A scorpion (D:4)
  3 killer bees (D:7)
  A crimson imp (D:6)
  A giant frog zombie (D:5)
  2 hounds
  2 orc priests
  2 centaur skeletons
  A jelly (D:6)
  Natasha (thrice) (D:4)
  3 orc wizards
  2 worker ants
  A hound skeleton (D:4)
  4 gnolls (D:4)
  4 adders
  4 worms
  3 dart slugs
  4 giant geckos
  20 orcs
  2 spectral bats (Ossuary)
  6 giant cockroaches
  7 goblins
  10 hobgoblins
  24 jackals
  7 kobolds
  4 quokkas
  2 ball pythons
  11 bats
  2 giant newts
  8 goblin zombies (Ossuary)
  A hobgoblin zombie (Ossuary)
  2 kobold zombies (Ossuary)
  5 orc zombies (Ossuary)
  A quokka zombie (D:6)
  18 rats
184 creatures vanquished.

Vanquished Creatures (others)
  A goblin (D:2)
  A gnoll zombie (Ossuary)
  2 goblin zombies (Ossuary)
  17 toadstools (D:2)
21 creatures vanquished.

Grand Total: 205 creatures vanquished

Notes
Turn   | Place    | Note
--------------------------------------------------------------
     0 | D:1      | wvc the Mummy Wanderer began the quest for the Orb.
     0 | D:1      | wvc set off with: a +2 mace, a +0 ring mail, a scroll of teleportation
     0 | D:1      | Reached XP level 1. HP: 15/15 MP: 1/1
    43 | D:1      | Reached skill level 2 in Maces & Flails
    80 | D:1      | Reached XP level 2. HP: 18/21 MP: 2/2
   738 | D:2      | Reached XP level 3. HP: 20/26 MP: 3/3
  1663 | D:2      | Found a glowing silver altar of Zin.
  1691 | D:2      | Learned a level 1 spell: Apportation
  1699 | D:2      | Found a blossoming altar of Fedhas.
  1728 | D:2      | Noticed an oklob plant
  2110 | D:3      | Reached skill level 1 in Dodging
  2350 | D:3      | Reached skill level 3 in Maces & Flails
  2350 | D:3      | Reached XP level 4. HP: 27/33 MP: 4/4
  2521 | D:3      | Noticed Cofein's ghost (amateur NaEn)
  2545 | D:3      | Killed Cofein's ghost
  2545 | D:3      | Reached XP level 5. HP: 12/39 MP: 5/5
  3741 | D:4      | Noticed Natasha
  3775 | D:4      | Reached XP level 6. HP: 25/46 MP: 6/6
  3963 | D:4      | Noticed Edmund
  3977 | D:4      | Killed Edmund
  3977 | D:4      | Reached skill level 4 in Maces & Flails
  3979 | D:4      | Found a basalt altar of Yredelemnul.
  4199 | D:4      | Killed Natasha
  4542 | D:4      | Found a glowing golden altar of the Shining One.
  4542 | D:4      | Found a white marble altar of Elyvilon.
  4542 | D:4      | Found a sacrificial altar of Ru.
  4561 | D:4      | Found a bloodstained altar of Trog.
  4566 | D:4      | Found a deep blue altar of Sif Muna.
  4897 | D:4      | Reached XP level 7. HP: 47/52 MP: 7/7
  5265 | D:4      | Noticed Natasha
  5272 | D:4      | Killed Natasha
  5297 | D:5      | Entered Level 5 of the Dungeon
  5490 | D:5      | Noticed Duvessa
  5493 | D:5      | Noticed Dowan
  5500 | D:5      | Killed Duvessa
  5556 | D:4      | Noticed Natasha
  5563 | D:4      | Killed Natasha
  5790 | D:5      | Killed Dowan
  5790 | D:5      | Reached skill level 5 in Maces & Flails
  6428 | D:5      | Reached skill level 5 in Dodging
  6428 | D:5      | Reached XP level 8. HP: 43/59 MP: 8/8
  6726 | D:6      | Reached skill level 6 in Maces & Flails
  7223 | D:7      | Found a staircase to the Ecumenical Temple.
  7234 | Temple   | Entered the Ecumenical Temple
  7276 | Temple   | Became a worshipper of Warmaster Okawaru
  7542 | D:7      | Noticed Joseph
  7578 | D:7      | Killed Joseph
  7578 | D:7      | Reached skill level 7 in Maces & Flails
  7578 | D:7      | Reached XP level 9. HP: 47/67 MP: 9/9
  7584 | D:7      | Reached skill level 5 in Fighting
  7616 | D:7      | Reached * piety under Okawaru
  7672 | D:7      | Found a sand-covered staircase.
  7679 | Ossuary  | Entered an ossuary
  7809 | Ossuary  | Noticed graki42's ghost (novice DEFE)
  7820 | Ossuary  | Incinerated by graki42's ghost

Skill      XL: |  1  2  3  4  5  6  7  8  9 |
---------------+----------------------------+-----
Maces & Flails | 2 3 4 5 7 |  7.7
Dodging        | 1 2 3 5 |  5.0
Fighting       | 2 3 4 5 |  5.1
Crossbows      | |  1.0
Armour         | |  3.2
Shields        | |  1.5

Action                   |  1- 3 |  4- 6 |  7- 9 || total
-------------------------+-------+-------+-------++-------
Melee: Mace              |   127 |   281 |   384 ||   792
 Fire: Blowgun           |       |     2 |       ||     2
Evoke: Wand              |       |       |     4 ||     4
  Use: Scroll            |     5 |     6 |     6 ||    17
Armor: Ring mail         |    44 |    72 |   101 ||   217
Dodge: Dodged            |    73 |   161 |   138 ||   372
Block: Other             |    22 |    35 |       ||    57
       Reflection        |     3 |     1 |     5 ||     9
       Buckler           |       |    97 |   214 ||   311
